 Dungeon Sprint DCSS version 0.30.0-10-gfe55d96785 (webtiles) character file.

Game seed: 15324238175803416471

83346 Revguard the Impregnable (level 15, -39/140 HPs)
             Began as an Armataur Fighter on May 16, 2023.
             Was the Champion of Ru.
             Annihilated by a shard shrike (glowing shapeshifter) (67 damage)
             ... in the Dungeon (Sprint V: "Ziggurat Sprint").
             The game lasted 00:34:26 (3033 turns).

Revguard the Impregnable (Armataur Fighter)         Turns: 3033, Time: 00:34:32

Health: -39/140    AC: 38    Str: 31    XL:     15   Next: 32%
Magic:  21/24      EV:  8    Int: 16    God:    Ru [******]
Gold:   0          SH: 33    Dex: 16    Spells: 14/14 levels left

rFire   + + .        i - +8 mithril axe "Arga" {speed, Will+}
rCold   x . .        E - +18 shield of the Gong {Loud rN+ Will+ rCorr EV-5}
rNeg    + . .        G - +15 Maxwell's patent armour {-Cast -Tele rElec Will+ rCorr}
rPois   .            f - +2 helmet "Fehe Ide" {Str-3 Int+7 Slay+2 Stlth+}
rElec   +            (no cloak)
rCorr   +            L - +0 pair of gloves {Str+3}
SInv    +            (no barding)
Will    ++++.        z - amulet of Vitality {RegenMP++ Regen++} Stlth
                     y - ring "Barutifo" {rF+++ Str+5 Dex-2 SInv Stlth-}
HPRegen 2.03/turn    w - +6 ring of dexterity
MPRegen 0.99/turn

%: no teleportation, no spellcasting, roll
@: exhausted, studying 3 skills, unable to read
A: large, rugged brown scales 3, deformed body, frail 1, inability to read after
injury 2, no stealth, hated by all, no earth magic, no summoning magic, no
transmutations magic, temperature sensitive, armoured tail, roll, long tongue,
awkward tongue
a: Renounce Religion, Draw Out Power, Power Leap, Apocalypse


You were in the Dungeon.
You worshipped Ru.
Ru was exalted by your worship.
You visited 1 branch

Inventory:

Hand Weapons
 i - the +8 mithril axe "Arga" (weapon) {speed, Will+}
   (You found it in the Dungeon)

   Will:      It increases your willpower.
 D - the +9 whip of Law {heavy, rC++}
   (You found it in the Dungeon)

   rC:        It greatly protects you from cold.
 F - the +6 shillelagh "Devastator" {shatter}
   (You found it in the Dungeon)
 M - the +0 war axe of Weofum {flame, Fly rPois rCorr Int+3}
   (You found it in the Dungeon)

   Int:       It affects your intelligence (+3).
   rPois:     It protects you from poison.
   Fly:       It grants you flight.
   rCorr:     It protects you from acid and corrosion.
Armour
 f - the +2 helmet "Fehe Ide" (worn) {Str-3 Int+7 Slay+2 Stlth+}
   (You found it in the Dungeon)

   Str:       It affects your strength (-3).
   Int:       It affects your intelligence (+7).
   Slay:      It affects your accuracy & damage with ranged weapons and melee
   (+2).
   Stlth:     It makes you more stealthy.
 x - the +3 crown of Dyrovepreva {rElec Int+2 SInv}
   (You found it in the Dungeon)

   Int:       It affects your intelligence (+2).
   rElec:     It insulates you from electricity.
   SInv:      It lets you see invisible.
 E - the +18 shield of the Gong (worn) {Loud rN+ Will+ rCorr EV-5}
   (You found it in the Dungeon)

   Loud:      It is deafeningly noisy when blocking attacks.
   EV:        It affects your evasion (-5).
   rN:        It protects you from negative energy.
   rCorr:     It protects you from acid and corrosion.
   Will:      It increases your willpower.
 G - the +15 Maxwell's patent armour (worn) {-Cast -Tele rElec Will+ rCorr}
   (You found it in the Dungeon)

   rElec:     It insulates you from electricity.
   -Cast:     It prevents spellcasting.
   -Tele:     It prevents most forms of teleportation.
   rCorr:     It protects you from acid and corrosion.
   Will:      It increases your willpower.
 L - a +0 pair of gloves of strength (worn)
Jewellery
 a - a ring of protection from cold
 c - the ring of the Mage {Wiz Archmagi}
   (You found it in the Dungeon)

   [ring of wizardry]

   It improves your spell success rate.
   Archmagi:  It increases the power of your magical spells.
 v - a ring of ice
 w - a +6 ring of dexterity (right hand)
 y - the ring "Barutifo" (left hand) {rF+++ Str+5 Dex-2 SInv Stlth-}
   (You found it in the Dungeon)

   [ring of see invisible]

   Str:       It affects your strength (+5).
   Dex:       It affects your dexterity (-2).
   rF:        It renders you almost immune to fire.
   SInv:      It lets you see invisible.
   Stlth:     It makes you less stealthy.
 z - the amulet of Vitality (around neck) {RegenMP++ Regen++}
   (You found it in the Dungeon)

   [amulet of magic regeneration]

   It increases your rate of magic regeneration.
   Regen:     It increases your rate of health regeneration.
 A - a +4 ring of protection
 B - the amulet "Coidgh" {Acrobat Rampage rN+}
   (You found it in the Dungeon)

   [amulet of the acrobat]

   It increases your evasion while moving and waiting.
   rN:        It protects you from negative energy.
   Rampage:   It bestows one free step when moving towards enemies.
 H - the ring of Shadows {Umbra +Inv Stlth+}
   (You found it in the Dungeon)

   [ring of stealth]

   Umbra:     It surrounds you with an aura of shadow, increasing your stealth
   and reducing the accuracy of all others within it.
   +Inv:      It lets you turn invisible.
   Stlth:     It makes you more stealthy.
 J - a ring of positive energy
 K - the ring "Deck" {Ice rCorr}
   (You found it in the Dungeon)

   [ring of ice]

   It enhances your ice magic.
   rF:        It makes you vulnerable to fire.
   rC:        It protects you from cold.
   rCorr:     It protects you from acid and corrosion.
 O - the amulet of Wu Jian's Inspiration {Spirit rF+ Will+ Regen+}
   (You found it in the Dungeon)

   [amulet of guardian spirit]

   It causes incoming damage to be divided between your reserves of health and
   magic.
   rF:        It protects you from fire.
   Regen:     It increases your rate of health regeneration.
   Will:      It increases your willpower.
 P - the ring "Koagous" {Fire rN+}
   (You found it in the Dungeon)

   [ring of fire]

   It enhances your fire magic.
   rF:        It protects you from fire.
   rC:        It makes you vulnerable to cold.
   rN:        It protects you from negative energy.
Wands
 b - a wand of flame (44)
 s - a wand of mindburst (29)
 t - a wand of iceblast (41)
 u - a wand of light (8)
 C - a wand of digging (6)
 I - a wand of polymorph (18)
 N - a wand of charming (12)
Scrolls
 j - 4 scrolls of blinking
 n - 4 scrolls of enchant armour
 o - 4 scrolls of amnesia
 p - 8 scrolls of fog
 q - 5 scrolls of identify
 r - 2 scrolls of fear
 S - a scroll of brand weapon
Potions
 d - 4 potions of might
 e - 8 potions of curing
 g - 5 potions of haste
 h - 7 potions of magic
 k - 2 potions of brilliance
 l - a potion of invisibility
 m - 2 potions of resistance
Miscellaneous
 Q - a lightning rod (4/4)
 U - a condenser vane


   Skills:
 + Level 16.7 Fighting
 + Level 11.7(15.2) Axes
 + Level 16.9(18.5) Maces & Flails
 + Level 21.2 Armour
 + Level 14.0 Dodging
 + Level 19.6 Shields
 - Level 13.0 Invocations
 + Level 17.9 Evocations


You had 14 spell levels left.
You didn't know any spells.
Your spell library contained the following spells:

 Spells                   Type           Power      Damage    Failure   Level
 Apportation              Tloc           0%         N/A       73%         1
 Freeze                   Ice            0%         1d3       73%         1
 Magic Dart               Conj           0%         1d3       73%         1
 Necrotise                Necr           0%         1d4       73%         1
 Slow                     Hex            0%         N/A       73%         1
 Sublimation of Blood     Necr           0%         N/A       86%         2
 Frozen Ramparts          Ice            0%         1d1       97%         3
 Hailstorm                Conj/Ice       0%         3d3       97%         3
 Inner Flame              Hex/Fire       0%         N/A       97%         3
 Mephitic Cloud           Conj/Pois/Air  0%         N/A       97%         3
 Ozocubu's Armour         Ice            0%         N/A       97%         3
 Portal Projectile        Hex/Tloc       0%         N/A       97%         3
 Volatile Blastmotes      Fire/Tloc      0%         2d10      97%         3
 Cause Fear               Hex            0%         N/A       100%        4
 Flame Wave               Conj/Fire      0%         2d4       100%        4
 Fulminant Prism          Conj/Hex       0%         3d5       100%        4
 Iskenderun's Mystic Bla  Conj/Tloc      0%         2d3       100%        4
 Passage of Golubria      Tloc           0%         N/A       100%        4
 Sticky Flame             Conj/Fire      0%         2d3       100%        4
 Metabolic Englaciation   Hex/Ice        0%         N/A       100%        5
 Silence                  Hex/Air        0%         N/A       100%        5
 Ozocubu's Refrigeration  Ice            0%         4d7       100%        7
 Borgnjor's Revivificati  Necr           0%         N/A       100%        8
 Chain Lightning          Conj/Air       0%         N/A       100%        9
 Death's Door             Necr           0%         N/A       100%        9
 Fire Storm               Conj/Fire      0%         5d1       100%        9
 Polar Vortex             Ice            0%         N/A       100%        9
 Summon Small Mammal      Summ           Unusable   N/A       N/A         1
 Call Imp                 Summ           Unusable   N/A       N/A         2
 Wereblood                Tmut           Unusable   N/A       N/A         2
 Tukima's Dance           Hex            Unusable   N/A       N/A         3
 Ice Form                 Ice/Tmut       Unusable   N/A       N/A         4
 Summon Ice Beast         Ice/Summ       Unusable   N/A       N/A         4
 Blade Hands              Tmut           Unusable   N/A       N/A         5
 Lee's Rapid Deconstruct  Erth           Unusable   3d4*      N/A         5
 Yara's Violent Unravell  Hex/Tmut       Unusable   3d3       N/A         5
 Simulacrum               Ice/Necr       Unusable   N/A       N/A         6
 Dragon Form              Tmut           Unusable   N/A       N/A         7
 Summon Hydra             Summ           Unusable   N/A       N/A         7
 Necromutation            Tmut/Necr      Unusable   N/A       N/A         8
 Dragon's Call            Summ           Unusable   N/A       N/A         9
 Shatter                  Erth           Unusable   3d5*      N/A         9

Dungeon Overview and Level Annotations

Branches:
Dungeon (1/1)

Altars:
Ashenzari
Cheibriados
Dithmenos
Elyvilon
Gozag
Kikubaaqudgha
Makhleb
Nemelex Xobeh
Okawaru
Qazlal
Ru
Sif Muna
Trog
Uskayaw
Vehumet
Wu Jian
Xom
Zin
The Shining One
Lugonu

Annotations:
D 1 transporter


Innate Abilities, Weirdness & Mutations

You are completely covered in rugged brown scales. (AC +3, +7% HP)
Armour fits poorly on your strangely shaped body.
You are frail. (-10% HP)
You sometimes lose the ability to read scrolls when taking damage.
You cannot be stealthy.
You are hated by all.
You cannot study or cast Earth magic.
You cannot study or cast Summoning magic.
You cannot study or cast Transmutations magic.
You are sensitive to extremes of temperature. (rF-, rC-)
You have a long armoured tail.
You roll when moving toward enemies. (Rampage)
Your long tongue fully drains potion bottles. (2x potion effects)
Your tongue gives you trouble enunciating. (1.5x scroll delay)


Message History

GONNNNG!
You block the shard shrike's attack.
PANG!
The helpless glowing shapeshifter fails to defend itself.
You slice the glowing shapeshifter like a ripe choko!!!
The glowing shapeshifter is almost dead.
You miss the shard shrike. You slash the shard shrike!
The shard shrike begins to attack, but is stunned by your conviction!
You block the shard shrike's attack.
PTOANNNG!
You block the shard shrike's attack.
GONNNNG!
The helpless glowing shapeshifter fails to defend itself.
You chop the glowing shapeshifter into pieces!!!
You kill the glowing shapeshifter!
The glowing shapeshifter's shape twists and changes as it dies.
You closely miss the shard shrike.
The shard shrike spits a shard of ice at you.
The shard of ice hits you!
You feel a painful chill!
You slice the shard shrike!!
The shard shrike is heavily wounded.
The shard shrike changes into a juggernaut!
You redirect the shard shrike's attack!
The shard shrike claws you. The shard shrike freezes you!!!!
You feel a terrible chill!
You feel threatened and lose the ability to read scrolls!
Ouch! That really hurt!
* * * LOW HITPOINT WARNING * * *
You focus your inner power and paralyse the shard shrike in retribution!
You redirect the shard shrike's attack!
You block the shard shrike's attack.
BOUMMMMG!
Okay, then.
The helpless shard shrike fails to defend itself.
You chop the shard shrike into pieces!!!
You kill the shard shrike!
You hit the shard shrike. The shard shrike claws you.
* * * LOW HITPOINT WARNING * * *
The shard shrike freezes you!!!
You feel a terrible chill!
You die...

.......©.......▓.....8©8
▓▓▓▓▓▓▓▓▓▓▓▓▓▓▓▓..|..|.|
......8t8......▓..).):..
..|))[t|/=!//..▓........
.l:=|:!:):|"[†.▓........
...†../)b......▓........
........†CJ....▓........
......b†.......▓........
.......@†......▓..▓.....
...............▓.▓▓▓....
...............▓..▓.....
...............▓........
...▓.......▓...▓......©.
.. ▓▓.....▓▓ ..▓▓▓▓▓▓▓▓▓
...▓.......▓...▓.....8©8
...............▓..|.|)..
.......©.......▓..)...)[


You could see a juggernaut shaped shifter, 2 shard shrike shaped shifters, an
acid blob (paralysed), a skyshark shaped shifter (paralysed), an alligator
shaped shifter (paralysed) and a snapping turtle (paralysed).

Vanquished Creatures
  2 pandemonium lords (D)
  A shard shrike (shapeshifter) (D)
  A Tzitzimitl (D)
  A Brimstone Fiend (D)
  A lich (D)
  5 ancient champions (D)
  A deep elf master archer (D)
  5 shadow dragons (D)
  An azure jelly (D)
  2 rockslimes (D)
  An iron dragon (D)
  An orc warlord (D)
  A quicksilver ooze (D)
  A demonspawn black sun (D)
  4 stone giants (D)
  A lorocyproca (D)
  A blizzard demon (D)
  2 iron golems (D)
  2 green deaths (D)
  3 yaktaur captains (D)
  A merfolk javelineer (D)
  A hydra (D)
  27 vault guards (D)
  An anaconda (shapeshifter) (D)
  2 centaur warriors (D)
  3 two-headed ogres (D)
  2 spriggan berserkers (D)
  An orc high priest (D)
  2 soul eaters (D)
  A skyshark (D)
  2 sea snakes (shapeshifter) (D)
  An orb spider (shapeshifter) (D)
  A harpy (shapeshifter) (D)
  An orc knight (D)
  2 glowing shapeshifters (D)
  5 cyclopes (D)
  A wolf spider (D)
  A faun (shapeshifter) (D)
  2 ugly things (D)
  A shining eye (D)
  A rust devil (D)
  An eye of devastation (D)
  2 cane toads (D)
  An orange demon (D)
  3 komodo dragons (D)
  A rime drake (D)
  6 yaktaurs (D)
  An ice devil (D)
  A merfolk (shapeshifter) (D)
  3 red devils (D)
  2 yaktaurs (shapeshifter) (D)
  2 trolls (D)
  A meliai (shapeshifter) (D)
  11 merfolk (D)
  A troll (shapeshifter) (D)
  A raiju (shapeshifter) (D)
  A polar bear (shapeshifter) (D)
  A hellwing (D)
  A hornet (D)
  A wind drake (D)
  3 tarantellas (D)
  A blink frog (D)
  A dream sheep (D)
  6 slime creatures (D)
  3 jumping spiders (D)
  3 ynoxinuls (D)
  3 spriggans (D)
  A wyvern (D)
  A yak (shapeshifter) (D)
  A redback (shapeshifter) (D)
  3 steam dragons (D)
  A warg (D)
  A large abomination (D)
  A swamp worm (shapeshifter) (D)
  An acid dragon (D)
  A water moccasin (D)
  A swamp drake (D)
  3 orc warriors (D)
  3 black bears (D)
  8 ogres (D)
  A centaur (D)
  2 phantoms (D)
  3 scorpions (D)
  2 necrophages (D)
  3 jellies (D)
194 creatures vanquished.

Vanquished Creatures (others)
  A caustic shrike (D)
  An ancient champion (D)
  A vault guard (D)
  A crystal echidna (D)
  A rime drake (D)
  A yaktaur (D)
  A merfolk (D)
  A steam dragon (D)
  A warg (D)
  An ogre (D)
  A centaur (D)
11 creatures vanquished.

Grand Total: 205 creatures vanquished

Notes
Turn   | Place    | Note
-------+----------+-------------------------------------------
     0 | D        | Revguard the Armataur Fighter began the quest for the Orb.
     0 | D        | Reached XP level 1. HP: 19/19 MP: 1/1
     2 | D        | Found a blossoming altar of Fedhas.
     2 | D        | Found the +6 Majin-Bo {spellvamp, MP+6 Int+6}
     2 | D        | Found the +27 heavy crossbow "Sniper" {heavy, Acc+∞ SInv}
     2 | D        | Found the +10 dark maul {heavy}
     2 | D        | Found the +15 Maxwell's patent armour {-Cast -Tele rElec
                  | Will+ rCorr}
     2 | D        | Found the +18 shield of the Gong {Loud rN+ Will+ rCorr
                  | EV-5}
     2 | D        | Found the +16 obsidian axe {drain, demonic, Mesm Drain Fly
                  | SInv}
     2 | D        | Found the +7 great mace "Firestarter" {flame, immolate,
                  | rFlCloud rF++}
     2 | D        | Found the +6 shillelagh "Devastator" {shatter}
     2 | D        | Found the +11 plutonium sword {Contam Stlth-}
     2 | D        | Found the +8 lance "Wyrmbane" {slay drac, rPois rF+ rC+
                  | AC+3}
     2 | D        | Found the +9 sword of Zonguldrok {reap}
     2 | D        | Found the +13 scythe of Curses {drain, curses, Drain}
     2 | D        | Found the +9 sword of Power {lifebolt}
     2 | D        | Found the +7 mace of Variability {chaos, chaos arc}
     2 | D        | Found the +11 Singing Sword {sonic wave}
     2 | D        | Found the +8 storm bow {elec, penet}
     5 | D        | Found a shimmering blue altar of Sif Muna.
     5 | D        | Found a sacrificial altar of Ru.
     5 | D        | Found a bloodstained altar of Trog.
     5 | D        | Found a stormy altar of Qazlal.
     5 | D        | Found an iron altar of Okawaru.
     5 | D        | Found a sparkling altar of Nemelex Xobeh.
     7 | D        | Found a transporter.
     7 | D        | Found an ancient bone altar of Kikubaaqudgha.
     7 | D        | Found a viscous altar of Jiyva.
     7 | D        | Found a corrupted altar of Lugonu.
     7 | D        | Found a hazy altar of Hepliaklqana.
     7 | D        | Found a burning altar of Makhleb.
     7 | D        | Found an opulent altar of Gozag.
   118 | D        | Became a worshipper of Ru the Awakened
   121 | D        | Reached skill level 5 in Armour
   121 | D        | Reached XP level 2. HP: 28/28 MP: 1/4
   121 | D        | Reached XP level 3. HP: 35/35 MP: 1/5
   173 | D        | Entered arena 2.
   173 | D        | Noticed a merfolk
   173 | D        | Noticed a merfolk
   173 | D        | Found a transporter.
   185 | D        | Killed a merfolk
   186 | D        | Reached skill level 5 in Fighting
   186 | D        | Reached skill level 5 in Maces & Flails
   186 | D        | Reached skill level 6 in Armour
   186 | D        | Reached XP level 4. HP: 29/44 MP: 5/7
   186 | D        | Reached XP level 5. HP: 34/51 MP: 5/8
   190 | D        | Killed a merfolk
   191 | D        | Reached skill level 7 in Armour
   191 | D        | Reached skill level 5 in Invocations
   191 | D        | Reached skill level 5 in Evocations
   191 | D        | Reached XP level 6. HP: 25/60 MP: 5/10
   310 | D        | Entered arena 3.
   310 | D        | Noticed a harpy
   310 | D        | Noticed a purple ugly thing
   310 | D        | Noticed a green ugly thing
   310 | D        | Found a transporter.
   319 | D        | Killed a green ugly thing
   320 | D        | Reached skill level 8 in Armour
   320 | D        | Reached XP level 7. HP: 35/68 MP: 11/11
   321 | D        | Killed a green ugly thing
   322 | D        | Reached skill level 9 in Armour
   322 | D        | Reached skill level 5 in Dodging
   322 | D        | Reached XP level 8. HP: 35/75 MP: 11/13
   325 | D        | Killed a harpy
   341 | D        | Gained mutation: You cannot be stealthy. [Ru sacrifice]
   473 | D        | Entered arena 4.
   473 | D        | Noticed a jumping spider
   473 | D        | Found a transporter.
   479 | D        | Killed a jumping spider
   480 | D        | Reached skill level 10 in Armour
   480 | D        | Reached XP level 9. HP: 83/84 MP: 14/14
   587 | D        | Entered arena 5.
   587 | D        | Found a transporter.
   606 | D        | Entered arena 6.
   606 | D        | Noticed a merfolk
   606 | D        | Noticed a merfolk
   606 | D        | Noticed a merfolk
   606 | D        | Noticed a merfolk
   606 | D        | Noticed a merfolk
   606 | D        | Found a transporter.
   612 | D        | Killed a merfolk
   613 | D        | Killed a merfolk
   614 | D        | Killed a merfolk
   615 | D        | Killed a merfolk
   619 | D        | Killed a merfolk
   620 | D        | Reached skill level 11 in Armour
   809 | D        | Entered arena 7.
   809 | D        | Noticed a spriggan rider
   810 | D        | Found a transporter.
   816 | D        | Reached skill level 10 in Shields
   824 | D        | Reached XP level 10. HP: 63/96 MP: 16/16
   825 | D        | Gained mutation: You occasionally lose the ability to read
                  | scrolls when taking damage. [Ru sacrifice]
   825 | D        | Gained mutation: You sometimes lose the ability to read
                  | scrolls when taking damage. [Ru sacrifice]
   825 | D        | Reached * piety under Ru
   825 | D        | Reached ** piety under Ru
   914 | D        | Entered arena 8.
   914 | D        | Found the ring of the Mage {Wiz Archmagi}
   914 | D        | Noticed a wolf spider
   915 | D        | Found a transporter.
   925 | D        | Killed a wolf spider
   926 | D        | Reached skill level 12 in Armour
  1088 | D        | Entered arena 9.
  1088 | D        | Noticed a cyclops
  1089 | D        | Found a transporter.
  1097 | D        | Killed a cyclops
  1106 | D        | Reached skill level 10 in Evocations
  1108 | D        | Reached skill level 10 in Maces & Flails
  1108 | D        | Reached skill level 10 in Invocations
  1116 | D        | Got Sif Muna's Grimoire of the Deep Freeze
  1121 | D        | Got the +9 whip of Law {heavy, rC++}
  1154 | D        | Entered arena 10.
  1154 | D        | Found the ring of Shadows {Umbra +Inv Stlth+}
  1154 | D        | Noticed a two-headed ogre
  1154 | D        | Noticed a two-headed ogre
  1154 | D        | Noticed a two-headed ogre
  1155 | D        | Found a transporter.
  1157 | D        | Killed a two-headed ogre
  1158 | D        | Reached XP level 11. HP: 90/105 MP: 18/18
  1159 | D        | Killed a two-headed ogre
  1160 | D        | Reached skill level 10 in Fighting
  1160 | D        | Reached skill level 13 in Armour
  1160 | D        | Killed a two-headed ogre
  1165 | D        | Gained mutation: You are frail. (-10% HP) [Ru sacrifice]
  1165 | D        | Reached *** piety under Ru
  1175 | D        | Entered arena 11.
  1176 | D        | Found a transporter.
  1336 | D        | Entered arena 12.
  1336 | D        | Noticed a vault guard
  1336 | D        | Noticed a vault guard
  1336 | D        | Noticed a vault guard
  1336 | D        | Noticed a vault guard
  1336 | D        | Noticed a vault guard
  1337 | D        | Noticed a shadow dragon
  1337 | D        | Noticed a vault guard
  1337 | D        | Noticed a vault guard
  1337 | D        | Found a transporter.
  1337 | D        | Noticed a shadow dragon
  1342 | D        | Killed a vault guard
  1351 | D        | Killed a vault guard
  1361 | D        | Killed a vault guard
  1362 | D        | Killed a vault guard
  1364 | D        | Killed a vault guard
  1365 | D        | Reached skill level 14 in Armour
  1368 | D        | Killed a vault guard
  1374 | D        | Killed a vault guard
  1382 | D        | HP: 1/95 [shadow dragon/bolt of negative energy (10)]
  1388 | D        | Killed a shadow dragon
  1389 | D        | Reached XP level 12. HP: 61/106 MP: 20/20
  1400 | D        | Killed a shadow dragon
  1411 | D        | Got the ring "Barutifo" {rF+++ Str+5 Dex-2 SInv Stlth-}
  1557 | D        | Entered arena 13.
  1557 | D        | Found the +8 mithril axe "Arga" {speed, Will+}
  1557 | D        | Noticed an ancient champion
  1557 | D        | Noticed an ancient champion
  1557 | D        | Noticed an iron dragon
  1557 | D        | Noticed an ancient champion
  1557 | D        | Noticed an iron golem
  1557 | D        | Noticed an ancient champion
  1559 | D        | Noticed an ancient champion
  1559 | D        | Noticed an ancient champion
  1559 | D        | Noticed a caustic shrike
  1560 | D        | Noticed an iron golem
  1570 | D        | Killed an ancient champion
  1574 | D        | Killed a caustic shrike
  1582 | D        | Killed an ancient champion
  1583 | D        | Reached skill level 15 in Armour
  1584 | D        | Killed an ancient champion
  1587 | D        | Killed an ancient champion
  1598 | D        | Killed an ancient champion
  1621 | D        | Killed an iron golem
  1622 | D        | Reached skill level 10 in Dodging
  1634 | D        | Killed an ancient champion
  1653 | D        | Killed an iron dragon
  1657 | D        | Killed an iron golem
  1660 | D        | Found a transporter.
  1664 | D        | Gained mutation: You are sensitive to extremes of
                  | temperature. (rF-, rC-) [Ru sacrifice]
  1664 | D        | Reached **** piety under Ru
  1664 | D        | Reached ***** piety under Ru
  1681 | D        | Got Nimin's Compendium of the Sphinx and the Lungs
  1864 | D        | Entered arena 14.
  1866 | D        | Noticed a four-headed hydra
  1867 | D        | Found a transporter.
  1872 | D        | Reached skill level 16 in Armour
  1875 | D        | Killed a four-headed hydra
  1876 | D        | Reached skill level 15 in Shields
  1876 | D        | Reached XP level 13. HP: 87/115 MP: 13/22
  1892 | D        | Got the +0 war axe of Weofum {flame, Fly rPois rCorr Int+3}
  1925 | D        | Entered arena 15.
  1926 | D        | Noticed a merfolk javelineer
  1927 | D        | Noticed a deep elf master archer
  1927 | D        | Found a transporter.
  1935 | D        | Killed a deep elf master archer
  1940 | D        | Reached skill level 17 in Armour
  1943 | D        | Killed a merfolk javelineer
  1949 | D        | Got the amulet of Wu Jian's Inspiration {Spirit rF+ Will+
                  | Regen+}
  1952 | D        | Got the amulet "Wisioss" {rElec Regen+ MP+9 Str+3}
  1970 | D        | Gained mutation: You cannot study or cast Earth magic. [Ru
                  | sacrifice]
  1970 | D        | Gained mutation: You cannot study or cast Transmutations
                  | magic. [Ru sacrifice]
  1970 | D        | Gained mutation: You cannot study or cast Summoning magic.
                  | [Ru sacrifice]
  2198 | D        | Entered arena 16.
  2199 | D        | Noticed an orc warlord
  2200 | D        | Found a transporter.
  2215 | D        | Killed an orc warlord
  2229 | D        | Gained mutation: You are hated by all. [Ru sacrifice]
  2229 | D        | Reached ****** piety under Ru
  2238 | D        | Got the ring "Eloth" {rPois Will+}
  2337 | D        | Entered arena 17.
  2340 | D        | Noticed a stone giant
  2340 | D        | Found the amulet of Vitality {RegenMP++ Regen++}
  2340 | D        | Noticed a stone giant
  2341 | D        | Found the +3 crown of Dyrovepreva {rElec Int+2 SInv}
  2341 | D        | Found a transporter.
  2366 | D        | Killed a stone giant
  2373 | D        | Reached skill level 18 in Armour
  2379 | D        | Reached skill level 15 in Evocations
  2387 | D        | Killed a stone giant
  2388 | D        | Reached skill level 5 in Axes
  2441 | D        | Entered arena 18.
  2444 | D        | Noticed a quicksilver ooze
  2444 | D        | Noticed a rockslime
  2445 | D        | Noticed an azure jelly
  2445 | D        | Noticed a rockslime
  2445 | D        | Found a transporter.
  2448 | D        | Killed a quicksilver ooze
  2448 | D        | Killed a rockslime
  2449 | D        | Reached XP level 14. HP: 111/129 MP: 15/23
  2449 | D        | Killed a rockslime
  2450 | D        | Killed an azure jelly
  2476 | D        | Got the amulet "Coidgh" {Acrobat Rampage rN+}
  2600 | D        | Entered arena 19.
  2603 | D        | Noticed a shadow dragon
  2603 | D        | Noticed a stone giant
  2603 | D        | Noticed a shadow dragon
  2603 | D        | Noticed a lich
  2604 | D        | Noticed a shadow dragon
  2604 | D        | Noticed a stone giant
  2604 | D        | Found a transporter.
  2612 | D        | Killed a stone giant
  2612 | D        | Killed a lich
  2612 | D        | Killed a stone giant
  2613 | D        | Reached skill level 15 in Fighting
  2613 | D        | Reached skill level 15 in Maces & Flails
  2613 | D        | Reached skill level 19 in Armour
  2655 | D        | Killed a shadow dragon
  2656 | D        | Killed a shadow dragon
  2662 | D        | Killed a shadow dragon
  2663 | D        | Reached skill level 10 in Axes
  2736 | D        | Got the +2 helmet "Fehe Ide" {Str-3 Int+7 Slay+2 Stlth+}
  2758 | D        | Entered arena 20.
  2763 | D        | Noticed a Tzitzimitl
  2763 | D        | Noticed Vacrupit the pandemonium lord
  2763 | D        | Noticed Plog the pandemonium lord
  2764 | D        | Noticed a Brimstone Fiend
  2764 | D        | Found a transporter.
  2769 | D        | Reached skill level 20 in Armour
  2773 | D        | Killed Vacrupit the pandemonium lord
  2774 | D        | Killed a Tzitzimitl
  2775 | D        | Reached XP level 15. HP: 44/139 MP: 20/24
  2775 | D        | Killed Plog the pandemonium lord
  2775 | D        | Killed a Brimstone Fiend
  2891 | D        | Got the ring "Deck" {Ice rCorr}
  2895 | D        | Got the ring "Koagous" {Fire rN+}
  3020 | D        | Entered arena 21.
  3024 | D        | Noticed a glowing shapeshifter
  3024 | D        | a glowing shapeshifter changed into a rockslime
  3024 | D        | Noticed a rockslime (glowing shapeshifter)
  3024 | D        | Noticed a glowing shapeshifter
  3024 | D        | Noticed a glowing shapeshifter
  3025 | D        | Noticed a shard shrike
  3025 | D        | Noticed an acid blob
  3025 | D        | a shard shrike changed into a rockslime
  3025 | D        | Noticed a rockslime (glowing shapeshifter)
  3025 | D        | a rockslime changed into a titan
  3025 | D        | Noticed a titan (glowing shapeshifter)
  3025 | D        | Noticed a shard shrike
  3026 | D        | Found a transporter.
  3026 | D        | a rockslime changed into a juggernaut
  3026 | D        | Noticed a juggernaut (glowing shapeshifter)
  3026 | D        | a titan changed into a shard shrike
  3026 | D        | Noticed a shard shrike (glowing shapeshifter)
  3027 | D        | a glowing shapeshifter changed into a shard shrike
  3027 | D        | Noticed a shard shrike (glowing shapeshifter)
  3028 | D        | Reached skill level 21 in Armour
  3029 | D        | a juggernaut changed into a shard shrike
  3029 | D        | Noticed a shard shrike (glowing shapeshifter)
  3031 | D        | Killed a glowing shapeshifter
  3032 | D        | a shard shrike changed into a juggernaut
  3032 | D        | Noticed a juggernaut (glowing shapeshifter)
  3033 | D        | Killed a shard shrike
  3033 | D        | Annihilated by a shard shrike (glowing shapeshifter)

Illustrated notes

Levels and vault maps discovered:
D:        sprint_v [room_start, room_1, room_2, room_3, room_4, room_5, room_6,
          room_7, room_8, room_9, room_10, room_11, room_12, room_13, room_14,
          room_15, room_16, room_17, room_18, room_19, room_20, room_21,
          room_22, room_23, room_24, room_25, room_26, room_27]

Skill      XL: |  1  2  3  4  5  6  7  8  9 10 11 12 13 14 15 |
---------------+----------------------------------------------+-----
Fighting       | 4 5 6 7 8 9 11 12 14 16 | 16.7
Maces & Flails | 4 5 6 7 8 9 10 11 13 14 16 | 16.9
Armour         | 5 6 7 8 9 10 11 12 14 16 18 20 21 | 21.2
Dodging        | 2 3 4 5 6 7 9 10 12 13 14 | 14.0
Shields        | 4 6 7 8 9 10 11 13 15 17 18 19 | 19.6
Invocations    | 3 4 5 6 7 8 10 11 13 | 13.0
Evocations     | 2 4 5 6 7 9 10 12 13 15 17 | 17.9
Axes           | 6 10 11 | 11.7

Action                     |  1- 3 |  4- 6 |  7- 9 | 10-12 | 13-15 || total
---------------------------+-------+-------+-------+-------+-------++-------
  Melee: Shillelagh        |    12 |    13 |    41 |    91 |    39 ||   196
         Tailslap          |     1 |     3 |     6 |    29 |    30 ||    69
         Whip              |       |       |       |    84 |       ||    84
         Broad axe         |       |       |       |       |    92 ||    92
 Invoke: Sacrifice Stealth |       |       |     1 |       |       ||     1
         Sacrifice Words   |       |       |       |     1 |       ||     1
         Sacrifice Health  |       |       |       |     1 |       ||     1
         Draw Out Power    |       |       |       |     3 |       ||     3
         Apocalypse        |       |       |       |     1 |     5 ||     6
         Sacrifice Resista |       |       |       |     1 |       ||     1
         Reject Sacrifices |       |       |       |     1 |       ||     1
         Sacrifice Love    |       |       |       |       |     1 ||     1
         Sacrifice Arcana  |       |       |       |       |     1 ||     1
  Evoke: Wand              |       |       |       |     9 |     2 ||    11
         Condenser vane    |       |       |       |       |     4 ||     4
    Use: Potion            |     1 |       |       |    19 |     2 ||    22
   Stab: Invisible         |       |       |       |    19 |       ||    19
         Confused          |       |       |       |     1 |       ||     1
         Paralysed         |       |       |       |       |    21 ||    21
 Armour: Plate armour      |     3 |    11 |    39 |   114 |    54 ||   221
  Dodge: Dodged            |       |     1 |     8 |    22 |    16 ||    47
  Block: Kite shield       |    22 |    23 |    96 |   300 |   162 ||   603
         Reflection        |       |       |       |     4 |     8 ||    12
